 Dungeon Crawl Stone Soup version 0.24-a0-274-gb3763e6 (webtiles) character file.

Game seed: 8971389862474266183

66 MatthieuS the Poker (level 4, -2/35 HPs)
             Began as a Merfolk Skald on Apr 26, 2019.
             Slain by a gnoll
             ... wielding a +0 club
              (9 damage)
             ... on level 2 of the Dungeon.
             The game lasted 00:03:29 (1508 turns).

MatthieuS the Poker (Merfolk Skald)                 Turns: 1508, Time: 00:03:29

Health: -2/35      AC:  3    Str: 11    XL:     4   Next: 15%
Magic:  2/7        EV: 12    Int: 18    God:
Gold:   44         SH:  0    Dex: 13    Spells: 3/8 levels left

rFire    . . .     SeeInvis .   a - +0 spear
rCold    . . .     Gourm    .   (no shield)
rNeg     . . .     Faith    .   b - +0 leather armour
rPois    .         Spirit   .   (no helmet)
rElec    .         Reflect  .   (no cloak)
rCorr    .         Harm     .   (no gloves)
MR       .....                  (no boots)
Stlth    +.........             (no amulet)
HPRegen  0.11/turn              (no ring)
MPRegen  0.10/turn              (no ring)

@: brilliant
A: change form in water, swift swim, stealthy swim
a: no special abilities


You were on level 2 of the Dungeon.
You were hungry.

You visited 1 branch of the dungeon, and saw 2 of its levels.

You collected 44 gold pieces.

Inventory:

Hand Weapons
 a - a +0 spear (weapon)
Armour
 b - a +0 leather armour (worn)
Scrolls
 f - 2 scrolls of remove curse {unknown}
 i - a scroll of teleportation {unknown}
Comestibles
 e - 2 rations


   Skills:
 + Level 3.0 Fighting
 + Level 4.0 Polearms
 - Level 0.6 Armour
 - Level 2.6 Dodging
 + Level 2.5 Spellcasting
 + Level 3.9 Charms


You had 3 spell levels left.
You knew the following spells:

 Your Spells              Type           Power        Failure   Level  Hunger
a - Infusion              Chrm           ####         1%          1    #......
q - Song of Slaying       Chrm           ####....     1%          2    ##.....
A - Shroud of Golubria    Chrm/Tloc      ###.......   1%          2    ##.....

Your spell library contained the following spells:

 Spells                   Type           Power        Failure   Level  Hunger
 Regeneration             Chrm/Necr      ###.......   3%          3    ###....
 Spectral Weapon          Hex/Chrm       ###.....     3%          3    ###....


Dungeon Overview and Level Annotations

Branches:
Dungeon (2/15)

Altars:
Gozag


Message History

Attack whom?
Aim: a gnoll, wielding a +0 club (severely wounded)
You reach to attack!
You closely miss the gnoll.
Attack whom?
Aim: a gnoll, wielding a +0 club (severely wounded)
You reach to attack!
You closely miss the gnoll.
Attack whom?
Aim: a gnoll, wielding a +0 club (severely wounded)
You reach to attack!
You hit the gnoll.
You kill the gnoll!
Your Polearms skill increases to level 4!
You have reached level 4!
Attack whom?
Aim: a gnoll, wielding a +0 club You closely miss the gnoll.
You hit the gnoll. The gnoll hits you but does no damage.
You hit the gnoll but do no damage. The gnoll barely misses you.
You hit the gnoll. You hit the gnoll but do no damage.
The gnoll hits you with a +0 club.
You barely miss the gnoll. The gnoll hits you with a +0 whip!
* * * LOW HITPOINT WARNING * * *
The gnoll closely misses you.
You hit the gnoll. The gnoll barely misses you.
Unknown command.
Attack whom?
Aim: a gnoll, wielding a +0 club (heavily wounded)
You reach to attack!
You hit the gnoll but do no damage. The gnoll closely misses you.
Attack whom?
Aim: a gnoll, wielding a +0 club (heavily wounded)
You barely miss the gnoll. You closely miss the gnoll.
The gnoll barely misses you. The gnoll closely misses you.
You hit the gnoll. The gnoll barely misses you.
You hit the gnoll. The gnoll hits you with a +0 whip.
* * * LOW HITPOINT WARNING * * *
You are feeling hungry.
You hit the gnoll. The gnoll closely misses you. The gnoll misses you.
Your magical contamination has completely faded away.
It was a potion of cancellation.
Your magical effects are unravelling.
You feel magically purged.
You feel yourself slow down.
Your song has ended.
The gnoll hits you from afar with a +0 spear.
* * * LOW HITPOINT WARNING * * *
It was a potion of brilliance.
You feel clever all of a sudden. The gnoll hits you with a +0 club!
You die...

######### #####
#.... #.... #....
#....
###################
#..g....)..........
#.@#...#...#...#...
#_.gg..............
#..#...#...#...#...
#..................
###################


You could see 3 gnolls.

Vanquished Creatures
  A gnoll (D:2)
  2 adders (D:2)
  2 dart slugs
  4 bats
  3 giant cockroaches (D:1)
  4 goblins
  6 hobgoblins
  A ball python (D:1)
  2 frilled lizards (D:1)
  5 kobolds
  6 rats
36 creatures vanquished.

Notes
Turn   | Place    | Note
-------+----------+-------------------------------------------
     0 | D:1      | MatthieuS the Merfolk Skald began the quest for the Orb.
     0 | D:1      | Reached XP level 1. HP: 16/16 MP: 3/3
   284 | D:1      | Reached XP level 2. HP: 23/23 MP: 0/5
   664 | D:1      | Learned a level 2 spell: Song of Slaying
   667 | D:1      | Learned a level 2 spell: Shroud of Golubria
   851 | D:1      | Reached XP level 3. HP: 28/28 MP: 3/6
  1363 | D:2      | Found a faded altar of an unknown god.
  1404 | D:2      | Found an opulent altar of Gozag.
  1489 | D:2      | Reached skill level 4 in Polearms
  1489 | D:2      | Reached XP level 4. HP: 27/35 MP: 0/7
  1508 | D:2      | Slain by a gnoll

Levels and vault maps discovered:
D:1:      eino_arrival_tree_alley, layout_loops_ring, serial_forest,
          infiniplex_forest_straight_2, infiniplex_forest_end_2,
          infiniplex_forest_lined_3_way, infiniplex_forest_side_room,
          infiniplex_forest_end_3, infiniplex_forest_straight_2,
          infiniplex_forest_straight_4
D:2:      layout_basic, lemuel_coloured_pillars_altar,
          chequers_ecumenical_altar_island

Skill      XL: |  1  2  3 |
---------------+----------+-----
Fighting       | 3 |  3.0
Polearms       | 4 |  4.0
Armour         | |  0.6
Dodging        | |  2.6
Spellcasting   | |  2.5
Charms         | |  3.9

Action                   |  1- 3 |  4- 6 || total
-------------------------+-------+-------++-------
Melee: Spear             |   103 |    13 ||   116
 Cast: Infusion          |    19 |       ||    19
       Song of Slaying   |     1 |       ||     1
  Use: Potion            |     1 |     2 ||     3
 Stab: Sleeping          |     1 |       ||     1
  Eat: Chunk             |     2 |       ||     2
Armor: Leather armour    |    18 |       ||    18
Dodge: Dodged            |    57 |     9 ||    66

Table legend:
 A = Non-vault XP
 B = Vault XP
 C = Vault XP percentage of total XP
 D = Non-vault monster count
 E = Vault monster count
 F = Vault count percentage of total count
                 A         B        C        D         E       F
            +---------+---------+-------+---------+---------+-------
      Total |      95 |       0 |   0.0 |      36 |       0 |   0.0
            +---------+---------+-------+---------+---------+-------
        D:1 |      40 |       0 |   0.0 |      24 |       0 |   0.0
        D:2 |      55 |       0 |   0.0 |      12 |       0 |   0.0
            +---------+---------+-------+---------+---------+-------
